 Dungeon Crawl Stone Soup version 0.20.1-1-g8b1a95d (webtiles) character file.

84 ReteAZ the Slasher (level 4, 0/42 HPs)
             Began as a Naga Fighter on Aug 20, 2017.
             Slain by a quokka (1 damage)
             ... on level 3 of the Dungeon.
             The game lasted 00:03:44 (1703 turns).

ReteAZ the Slasher (Naga Fighter)                   Turns: 1703, Time: 00:03:45

Health: 0/42       AC:  6    Str: 20    XL:     4   Next: 46%
Magic:  4/4        EV: 10    Int:  8    God:
Gold:   168        SH:  8    Dex: 10    Spells: 3/3 levels left

rFire    . . .     SeeInvis +   a - +0 long sword
rCold    . . .     Gourm    .   c - +0 shield
rNeg     . . .     Faith    .   b - +0 scale mail
rPois    +         Spirit   .   p - +0 helmet
rElec    .         Reflect  .   (no cloak)
rCorr    .         Harm     .   (no gloves)
MR       .....                  (no barding)
Stlth    ..........             (no amulet)
Regen    0.2/turn               i - +5 ring of evasion
MPRegen  0.1/turn               (no ring)

@: lethally poisoned (0 -> -1), very slow
A: see invisible, deformed body, poison resistance, slowness 2, slow metabolism
1, spit poison 1, AC +1
a: Spit Poison


You were on level 3 of the Dungeon.
You were not hungry.

You visited 1 branch of the dungeon, and saw 4 of its levels.

You collected 168 gold pieces.

Inventory:

Hand Weapons
 a - a +0 long sword (weapon)
Armour
 b - a +0 scale mail (worn)
 c - a +0 shield (worn)
 p - a +0 helmet (worn)
Jewellery
 i - a +5 ring of evasion (left hand)
Scrolls
 h - 2 scrolls of remove curse {unknown}
 j - 2 scrolls of amnesia {unknown}
 k - 2 scrolls of blinking {unknown}
 l - a scroll of identify {unknown}
 m - a scroll of immolation {unknown}
 n - a scroll of recharging {unknown}
 o - 4 scrolls of magic mapping {unknown}
 r - a scroll of fog {unknown}
Potions
 d - a potion of might
 e - a potion of heal wounds {unknown}
Comestibles
 f - a bread ration
 g - a meat ration
 s - 3 fruits


   Skills:
 - Level 3.0 Fighting
 + Level 4.5 Long Blades
 - Level 2.4 Armour
 - Level 2.4 Shields


You had 3 spell levels left.
You didn't know any spells.

Dungeon Overview and Level Annotations

Branches:
Dungeon (4/15)
 Temple: D:4-7

Altars:

Annotations:
D:3 Sigmund
D:4 LarsimusPrime's ghost, amateur MiFi; Pikel


Innate Abilities, Weirdness & Mutations

You cannot wear boots.
Your serpentine skin is tough. (AC +1)
You have supernaturally acute eyesight. (SInv)
Armour fits poorly on your strangely shaped body.
Your system is resistant to poisons. (rPois)
You cover ground very slowly.
You have a slow metabolism.
You can spit poison.


Message History

You barely miss Sigmund.
Sigmund is severely wounded.
You closely miss Sigmund.
Sigmund is severely wounded.
You have got your breath back.
Sigmund looks more healthy.
The quokka barely misses you. You block the quokka's attack.
Your shield and scale mail prevent you from hitting Sigmund.
Sigmund is severely wounded.
You block Sigmund's attack. You block the quokka's attack.
You barely miss Sigmund.
Sigmund is severely wounded.
You feel sick. You block the quokka's attack. Sigmund hits you with a scythe!
* * * LOW HITPOINT WARNING * * *
You block the quokka's attack.
You closely miss Sigmund.
Sigmund is severely wounded.
Sigmund gestures at you while chanting. You resist with some effort.
The quokka bites you.
You die...

..........
.........
#.........
#.........
#..).....##
#.........
#......†@#
.......r@#
........>#
..#.##.##
.. #.# .
... ##.##
#.# ..# .##


You could see Sigmund (invisible) and a quokka.

Vanquished Creatures
  Natasha (D:2)
  A gnoll (D:1)
  An adder (D:3)
  An ooze (D:1)
  A worm (D:2)
  3 giant cockroaches
  6 goblins
  3 hobgoblins
  2 jackals (D:2)
  3 bats
  4 frilled lizards
  5 kobolds
  4 rats
35 creatures vanquished.

Notes
Turn   | Place    | Note
-------+----------+-------------------------------------------
     0 | D:1      | ReteAZ the Naga Fighter began the quest for the Orb.
     0 | D:1      | Reached XP level 1. HP: 21/21 MP: 1/1
   109 | D:1      | Reached XP level 2. HP: 25/28 MP: 2/2
   165 | D:1      | Reached skill level 3 in Long Blades
   707 | D:1      | Reached XP level 3. HP: 30/34 MP: 3/3
  1463 | D:2      | Noticed Natasha
  1471 | D:2      | Killed Natasha
  1471 | D:2      | Reached skill level 4 in Long Blades
  1471 | D:2      | Reached XP level 4. HP: 20/42 MP: 4/4
  1661 | D:2      | You fall through a shaft for 2 floors!
  1661 | D:4      | Noticed Pikel
  1661 | D:4      | Noticed a slave
  1661 | D:4      | Noticed a slave
  1661 | D:4      | Noticed a slave
  1661 | D:4      | Noticed a slave
  1661 | D:4      | Noticed LarsimusPrime's ghost (amateur MiFi)
  1681 | D:3      | Noticed Sigmund
  1702 | D:3      | HP: 1/42 [Sigmund/scythe (8)]
  1703 | D:3      | Slain by a quokka

Skill      XL: |  1  2  3 |
---------------+----------+-----
Long Blades    | 3 4 |  4.5
Fighting       | |  3.0
Armour         | |  2.4
Shields        | |  2.4

Action                   |  1- 3 |  4- 6 || total
-------------------------+-------+-------++-------
Melee: Long sword        |   116 |    23 ||   139
 Abil: Spit Poison       |     2 |     1 ||     3
  Eat: Chunk             |     2 |       ||     2
Armor: Scale mail        |    45 |    17 ||    62
Dodge: Dodged            |    58 |    27 ||    85
Block: Shield            |    53 |    27 ||    80
       Rpst.: Long sword |    20 |     9 ||    29
